 Dungeon Crawl Stone Soup version 0.19.0-2-gae57169 (webtiles) character file.

6822 Jerry the Cleaver (level 10, -1/118 HPs)
             Began as a Minotaur Berserker on Nov 5, 2016.
             Was a High Priest of Trog.
             Succumbed to a queen ant's poison
             ... on level 9 of the Dungeon.
             The game lasted 00:32:57 (6815 turns).

Jerry the Cleaver (Minotaur Berserker)              Turns: 6815, Time: 00:32:58

Health: -1/118     AC: 22    Str: 26    XL:     10   Next: 77%
Magic:  9/9        EV:  7    Int:  6    God:    Trog [*****.]
Gold:   284        SH: 12    Dex: 10    Spells: 0 memorised, 9 levels left

rFire  . . .     SeeInvis .     a - +4 broad axe (freeze)
rCold  + . .     Gourm    .     I - +5 plate armour {rF+}
rNeg   . . .     Faith    +     d - +0 shield
rPois  .         Spirit   .     (helmet restricted)
rElec  .         Reflect  .     (no cloak)
rCorr  +         Harm     .     n - +0 pair of gloves
MR     .....                    (no boots)
Stlth  ..........               A - amulet of faith
                                y - ring of ice
                                o - ring of resist corrosion

@: berserking, lethally poisoned (-1 -> -32), very quick
A: retaliatory headbutt, horns 2, sense surroundings 1, weak 1, wild magic 1
a: Berserk, Trog's Hand, Brothers in Arms, Burn Spellbooks, Renounce Religion


You were on level 9 of the Dungeon.
You worshipped Trog.
Trog was extremely pleased with you.
You were very hungry.

You visited 2 branches of the dungeon, and saw 10 of its levels.

You collected 614 gold pieces.
You spent 330 gold pieces at shops.

Inventory:

Hand Weapons
 a - a +4 broad axe of freezing (weapon)
Missiles
 f - 5 poisoned javelins (quivered)
 B - 8 exploding tomahawks
Armour
 d - a +0 shield (worn)
 g - +0 storm dragon scales
 n - a +0 pair of gloves (worn)
 I - a +5 plate armour of fire resistance (worn)
Jewellery
 b - an uncursed ring of stealth
 o - a ring of resist corrosion (left hand)
 y - a ring of ice (right hand)
 A - an amulet of faith (around neck)
Wands
 x - a wand of polymorph (11/24)
Scrolls
 e - 2 scrolls of noise
 h - 4 scrolls of identify
 i - 2 scrolls of fear
 j - a scroll of magic mapping
 k - 3 scrolls of teleportation
 s - 2 scrolls of remove curse
Potions
 m - 5 potions of heal wounds
 q - 2 potions of curing
 r - a potion of degeneration {unknown}
 t - a potion of brilliance {unknown}
 u - 2 potions of agility
 v - 2 potions of ambrosia {unknown}
 w - 2 potions of mutation {unknown}
 z - 3 potions of resistance {unknown}
 D - a potion of flight {unknown}
 G - a potion of might {unknown}
Books
 E - a Young Poisoner's Handbook

   Spells                             Type                      Level
   a - Sting                          Conjuration/Poison           1
   b - Mephitic Cloud                 Conjuration/Poison/Air       3
   c - Olgreb's Toxic Radiance        Poison                       4
   d - Alistair's Intoxication        Transmutation/Poison         5
   e - Venom Bolt                     Conjuration/Poison           5
   Trog disapproves of the use of such an item.
 F - a Young Poisoner's Handbook

   Spells                             Type                      Level
   a - Sting                          Conjuration/Poison           1
   b - Mephitic Cloud                 Conjuration/Poison/Air       3
   c - Olgreb's Toxic Radiance        Poison                       4
   d - Alistair's Intoxication        Transmutation/Poison         5
   e - Venom Bolt                     Conjuration/Poison           5
   Trog disapproves of the use of such an item.
 J - a book of Geomancy

   Spells                             Type                      Level
   a - Sandblast                      Earth                        1
   b - Passwall                       Transmutation/Earth          2
   c - Stone Arrow                    Conjuration/Earth            3
   d - Petrify                        Transmutation/Earth          4
   e - Lee's Rapid Deconstruction     Earth                        5
   Trog disapproves of the use of such an item.
 L - a book of Debilitation

   Spells                             Type                      Level
   a - Corona                         Hexes                        1
   b - Slow                           Hexes                        2
   c - Gell's Gravitas                Hexes/Translocation          3
   d - Inner Flame                    Hexes/Fire                   3
   e - Cause Fear                     Hexes                        4
   f - Leda's Liquefaction            Hexes/Earth                  4
   Trog disapproves of the use of such an item.
Comestibles
 c - 5 bread rations
 l - 4 meat rations
 p - 11 royal jellies
 C - 37 fruits
 H - 3 beef jerkies
 K - a chunk of flesh


   Skills:
 - Level 4.3 Fighting
 + Level 12.4 Axes
 + Level 12.0 Armour
 - Level 2.1 Dodging
 + Level 9.4 Shields


You had 9 spell levels left.
You didn't know any spells.

Dungeon Overview and Level Annotations

Branches:
Dungeon (9/15)             Temple (1/1) D:6             Orc (0/2) D:9
   Lair: D:8-11

Altars:
Ashenzari
Cheibriados
Dithmenos
Elyvilon
Fedhas
Gozag
Hepliaklqana
Kikubaaqudgha
Makhleb
Nemelex Xobeh
Okawaru
Qazlal
Ru
Sif Muna
Trog
Uskayaw
Vehumet
Xom
Yredelemnul
Zin
The Shining One

Shops:
D:5 (


Innate Abilities, Weirdness & Mutations

You reflexively headbutt those who attack you in melee.
You have a pair of horns on your head.
You passively map a small area around you.
You are weak. (Str -2)
Your spells are a little harder to cast, but a little more powerful.


Message History

You feel sick.
You slash the soldier ant! You freeze the soldier ant.
You headbutt the soldier ant.
The soldier ant is heavily wounded.
* * * LOW HITPOINT WARNING * * *
You feel very sick.
You are too berserk!
You hit the soldier ant. You freeze the soldier ant.
The soldier ant is severely wounded.
* * * LOW HITPOINT WARNING * * *
You feel sick.
You slash the soldier ant! You freeze the soldier ant.
You kill the soldier ant!
Trog accepts your kill.
* * * LOW HITPOINT WARNING * * *
You feel sick.
You hit the worker ant. You freeze the worker ant.
You kill the worker ant!
Trog accepts your kill.
You die...

#...................#
#...................#
....................###
*
.................>....
,
......#####.........##
* ......# #...†.......
......# #...†...#. * ,
* ......# #...†..## *
,, ......# ##...$@# ,
......# #....#†a....#
......# #..†.##aa....*
,, * #....!#......* *
#....## ....# #....#
...## #..... ###
#...... * ###.....


You could see 2 soldier ants and a worker ant.

Vanquished Creatures
  A queen ant (D:9)
  Grinder (D:3)
  Sigmund (D:2)
  Grum (D:8)
  14 soldier ants (D:9)
  A water moccasin (D:9)
  3 sky beasts (D:8)
  2 phantoms
  The ghost of Salmoras the Slasher, an amateur MiMo (D:3)
  An ice beast (D:6)
  2 orc warriors
  3 ogres (D:8)
  4 wolves (D:8)
  A centaur (D:5)
  3 bullfrogs
  A gnoll sergeant (D:4)
  2 scorpions
  10 killer bees (D:8)
  2 howler monkeys (D:9)
  3 crimson imps
  3 centaur zombies
  A quasit (D:8)
  2 orc priests (D:9)
  5 jellies
  3 centaur skeletons
  2 hounds
  4 bullfrog skeletons
  5 iguanas
  Terence (D:2)
  20 worker ants
  An orc wizard (D:5)
  A hound zombie (D:5)
  A howler monkey zombie (D:7)
  2 worker ant zombies (D:5)
  12 adders
  6 gnolls
  A shadow imp (D:5)
  6 oozes
  2 adder skeletons
  An adder zombie (D:8)
  A worm (D:2)
  3 dart slugs
  5 leopard geckos
  6 orcs
  A ball python (D:1)
  13 bats
  10 giant cockroaches
  4 goblins
  12 hobgoblins
  21 jackals
  7 kobolds
  5 quokkas
  4 frilled lizards
  A leopard gecko skeleton (D:5)
  A quokka skeleton (D:5)
  A quokka zombie (D:7)
  11 rats
242 creatures vanquished.

Notes
Turn   | Place    | Note
-------+----------+-------------------------------------------
     0 | D:1      | Jerry the Minotaur Berserker began the quest for the Orb.
     0 | D:1      | Reached XP level 1. HP: 19/19 MP: 0/0
   222 | D:1      | Reached XP level 2. HP: 27/27 MP: 1/1
   450 | D:1      | Reached ** piety under Trog
   459 | D:1      | Reached XP level 3. HP: 27/33 MP: 2/2
  1059 | D:2      | Noticed Sigmund
  1062 | D:2      | Found a hide-covered altar of Uskayaw.
  1074 | D:2      | Reached XP level 4. HP: 40/40 MP: 3/3
  1078 | D:2      | Killed Sigmund
  1078 | D:2      | Reached skill level 5 in Axes
  1078 | D:2      | Reached skill level 5 in Armour
  1078 | D:2      | Reached XP level 5. HP: 46/46 MP: 4/4
  1236 | D:2      | Noticed Terence
  1244 | D:2      | Killed Terence
  1244 | D:2      | Reached XP level 6. HP: 52/52 MP: 5/5
  1427 | D:2      | Reached *** piety under Trog
  1629 | D:3      | Noticed Salmoras's ghost (amateur MiMo)
  1639 | D:3      | Killed Salmoras's ghost
  1881 | D:3      | Noticed Grinder
  1889 | D:3      | Killed Grinder
  1889 | D:3      | Reached XP level 7. HP: 59/59 MP: 6/6
  2143 | D:3      | Found a blossoming altar of Fedhas.
  2562 | D:4      | Reached skill level 1 in Shields
  2644 | D:4      | Reached **** piety under Trog
  3172 | D:5      | Entered Level 5 of the Dungeon
  3197 | D:5      | Received a gift from Trog
  3197 | D:5      | Reached XP level 8. HP: 66/66 MP: 7/7
  3352 | D:5      | Found a glowing golden altar of the Shining One.
  3353 | D:5      | Found a stormy altar of Qazlal.
  3555 | D:5      | Found a glowing silver altar of Zin.
  3725 | D:5      | Found Homiset's Antique Weapon Emporium.
  3946 | D:6      | Found a bloodstained altar of Trog.
  4005 | D:6      | Found a staircase to the Ecumenical Temple.
  4020 | Temple   | Entered the Ecumenical Temple
  4174 | D:6      | Reached ***** piety under Trog
  4277 | D:6      | Got a spiked chain mail
  4525 | D:6      | Identified the cursed +0 chain mail of Honour {rN+} (You found it on level 6 of the Dungeon)
  4571 | D:5      | Bought a runed broad axe for 330 gold pieces
  4738 | D:7      | Received a gift from Trog
  4849 | D:7      | Found a bloodstained altar of Trog.
  5101 | D:7      | Reached skill level 5 in Shields
  5132 | D:7      | Reached XP level 9. HP: 71/71 MP: 8/8
  5307 | D:8      | Gained mutation: You passively map a small area around you. [mutagenic meat]
  5308 | D:8      | Gained mutation: Your spells are a little harder to cast, but a little more powerful. [mutagenic meat]
  5309 | D:8      | Gained mutation: You are weak. (Str -2) [mutagenic meat]
  5316 | D:8      | Reached skill level 10 in Axes
  5327 | D:8      | Noticed Grum
  5333 | D:8      | Killed Grum
  5372 | D:8      | Reached skill level 10 in Armour
  6197 | D:9      | Received a gift from Trog
  6210 | D:9      | Reached XP level 10. HP: 79/79 MP: 9/9
  6574 | D:9      | Found a staircase to the Orcish Mines.
  6784 | D:9      | Noticed a queen ant
  6795 | D:9      | Killed a queen ant
  6804 | D:9      | Received a gift from Trog
  6812 | D:9      | HP: 4/118 [poisoned by a queen ant]
  6814 | D:9      | HP: 1/118 [poisoned by a queen ant]
  6815 | D:9      | Succumbed to a queen ant's poison

Skill      XL: |  1  2  3  4  5  6  7  8  9 10 |
---------------+-------------------------------+-----
Axes           | 4 5 6 7 8 9 11 12 | 12.4
Fighting       | 4 |  4.3
Armour         | 3 5 6 7 9 10 12 | 12.0
Shields        | 1 5 7 9 |  9.4
Dodging        | |  2.1

Action                   |  1- 3 |  4- 6 |  7- 9 | 10-12 || total
-------------------------+-------+-------+-------+-------++-------
Melee: Hand axe          |    80 |    95 |    39 |       ||   214
       Headbutt          |    10 |    12 |    57 |    23 ||   102
       War axe           |       |       |   128 |       ||   128
       Broad axe         |       |       |   202 |   118 ||   320
Invok: Berserk           |     1 |     2 |     2 |     1 ||     6
       Trog's Hand       |     1 |       |     4 |     1 ||     6
Evoke: Wand              |       |       |     1 |       ||     1
  Use: Potion            |     1 |       |       |       ||     1
       Scroll            |       |     5 |    17 |       ||    22
  Eat: Chunk             |     1 |     4 |    21 |     3 ||    29
Armor: Animal skin       |    15 |       |       |       ||    15
       Skin              |    11 |       |       |       ||    11
       Storm dragon scal |     8 |    55 |   104 |       ||   167
       Plate armour      |       |       |   121 |    49 ||   170
Dodge: Dodged            |    47 |    28 |    97 |    13 ||   185
Block: Shield            |       |       |    99 |    53 ||   152
